 Dungeon Crawl Stone Soup version 0.30-a0-860-g512cf1e979 (webtiles) character file.

Game seed: 18138333661386683393

2947 Jossarian the Thaumaturge (level 9, -13/39 HPs)
             Began as a Spriggan Conjurer on Mar 7, 2023.
             Was an Initiate of Vehumet.
             Shot with an arrow by a centaur warrior (15 damage)
             ... on level 8 of the Dungeon on Mar 8, 2023.
             The game lasted 01:43:30 (11144 turns).

Jossarian the Thaumaturge (Spriggan Conjurer)      Turns: 11144, Time: 01:43:30

Health: -13/39     AC:  3    Str:  5    XL:     9   Next: 51%
Magic:  19/24      EV: 22    Int: 21    God:    Vehumet [......]
Gold:   421        SH:  0    Dex: 14    Spells: 13/29 levels left

rFire   . . .      SeeInvis +    h - staff of death
rCold   . . .      Faith    .    (shield currently unavailable)
rNeg    + . .      Spirit   .    a - +1 robe
rPois   .          Reflect  .    (helmet restricted)
rElec   .          Rampage  .    (no cloak)
rCorr   .                        (gloves unavailable)
Will    ++...                    (boots unavailable)
Stlth   +++                      o - amulet of regeneration
HPRegen 1.06/turn                y - ring of willpower
MPRegen 0.19/turn                F - +5 ring of evasion

@: very quick
A: very small, no large weapons, unfitting armour, see invisible, speed 3
a: Renounce Religion


You were on level 8 of the Dungeon.
You worshipped Vehumet.
Vehumet was noncommittal.
You visited 2 branches of the dungeon, and saw 9 of its levels.

You collected 421 gold pieces.

Inventory:

Hand Weapons
 s - a +2 dagger of venom
 w - a +1 dagger of speed
Missiles
 f - 80 stones
 i - 25 poisoned darts (quivered)
 r - 4 boomerangs
 z - 4 silver boomerangs
 B - 3 throwing nets
 C - 4 curare-tipped darts
Armour
 a - a +1 robe (worn)
 I - +0 acid dragon scales
Magical Staves
 h - a staff of death (weapon)
 E - a staff of cold
Jewellery
 o - an amulet of regeneration (around neck)
 v - an amulet of the acrobat
 y - a ring of willpower (left hand)
 F - a +5 ring of evasion (right hand)
 H - a +4 ring of slaying
Wands
 c - a wand of paralysis (7)
 n - a wand of polymorph (9)
 A - a wand of mindburst (5)
Scrolls
 g - a scroll of enchant armour
 p - a scroll of immolation
 t - a scroll of magic mapping
 G - a scroll of brand weapon {unknown}
 J - a scroll of identify
Potions
 b - 3 potions of magic
 d - 2 potions of heal wounds
 e - 2 potions of degeneration {unknown}
 j - 2 potions of lignification {unknown}
 k - a potion of ambrosia {unknown}
 l - 2 potions of attraction {unknown}
 m - 3 potions of curing
 q - a potion of brilliance {unknown}
 u - 3 potions of flight {unknown}
 x - a potion of might {unknown}
 D - a potion of haste {unknown}


   Skills:
 + Level 0.2 Fighting
 + Level 1.4 Throwing
 + Level 3.4 Dodging
 + Level 4.7 Stealth
 + Level 10.6 Spellcasting
 + Level 5.3 Conjurations
 + Level 0.1 Fire Magic
 + Level 4.6 Air Magic
 + Level 5.0 Poison Magic


You had 13 spell levels left.
You knew the following spells:

 Your Spells              Type           Power      Damage    Failure   Level
a - Magic Dart            Conj           100%       1d8       1%          1
b - Searing Ray           Conj           66%        2d6       1%          2
c - Poisonous Vapours     Pois/Air       62%        N/A       1%          2
d - Mephitic Cloud        Conj/Pois/Air  32%        N/A       2%          3
e - Foxfire               Conj/Fire      88%        2x1d8     1%          1
f - Summon Guardian Gole  Hex/Summ       11%        N/A       19%         3
g - Fulminant Prism       Conj/Hex       11%        3d9       21%         4

Your spell library contained the following spells:

 Spells                   Type           Power      Damage    Failure   Level
 Kiss of Death            Conj/Necr      100%       2d13      1%          1
 Cigotuvi's Dreadful Rot  Necr/Pois/Air  74%        N/A       2%          2
 Summon Small Mammal      Summ           44%        N/A       6%          1
 Dazzling Flash           Conj/Hex       44%        N/A       6%          3
 Call Canine Familiar     Summ           11%        N/A       19%         3
 Confusing Touch          Hex            11%        N/A       19%         3
 Frozen Ramparts          Ice            22%        1d4       19%         3
 Iskenderun's Mystic Bla  Conj/Tloc      22%        2d6       21%         4
 Fireball                 Conj/Fire      11%        3d7       50%         5
 Cause Fear               Hex            5%         N/A       52%         4
 Dispel Undead            Necr           16%        3d10      52%         4
 Ice Form                 Ice/Tmut       11%        N/A       52%         4
 Summon Ice Beast         Ice/Summ       11%        N/A       52%         4
 Starburst                Conj/Fire      11%        6d5       97%         6
 Dragon Form              Tmut           5%         N/A       100%        7
 Dragon's Call            Summ           5%         N/A       100%        9


Dungeon Overview and Level Annotations

Branches:
Dungeon (8/15)             Temple (1/1) D:7
   Lair: D:8-11

Altars:
Ashenzari
Cheibriados
Dithmenos
Elyvilon
Fedhas
Gozag
Kikubaaqudgha
Makhleb
Nemelex Xobeh
Okawaru
Qazlal
Ru
Sif Muna
Trog
Uskayaw
Vehumet
Wu Jian
Yredelemnul
The Shining One

Shops:
D:5 *


Innate Abilities, Weirdness & Mutations

You are very small and have problems with some larger weapons.
You are too small for most types of armour.
You have supernaturally acute eyesight. (SInv)
You cover ground extremely quickly. (Speed+++)


Message History

Things that are here:
a +0 falchion; a +0 plate armour You see here a +0 club.
A yak comes into view.
An orc warrior comes into view. It is wielding a +0 flail.
The two-headed ogre shouts in stereo!
Casting: Foxfire (safe; 1% risk of failure)
Confirm with . or Enter, or press ? or * to list all spells.
Aiming: Poisonous Vapours (safe; 1% risk of failure)
Press: ? - help, Dir - move target, f - two-headed ogre
Aim: a two-headed ogre, wielding a +0 giant club and a +0 giant spiked club Poisonous vapours surround the two-headed ogre!
The two-headed ogre is poisoned.
Casting: Poisonous Vapours (safe; 1% risk of failure)
Confirm with . or Enter, or press ? or * to list all spells.
Aiming: Poisonous Vapours (safe; 1% risk of failure)
Press: ? - help, Dir - move target, f - centaur warrior, p - two-headed ogre
Aim: a centaur warrior (wandering, hasn't noticed you) Poisonous vapours surround the centaur warrior!
The centaur warrior is poisoned.
The centaur warrior shouts!
The centaur warrior wields a +0 shortbow.
The centaur warrior shoots an arrow.
The arrow barely misses you.
The orc warrior shouts!
Casting: Poisonous Vapours (safe; 1% risk of failure)
Confirm with . or Enter, or press ? or * to list all spells.
Aiming: Poisonous Vapours (safe; 1% risk of failure)
Press: ? - help, Dir - move target, f/p - centaur warrior
Aim: a centaur warrior, wielding a +0 shortbow (lightly wounded, very poisoned) Poisonous vapours surround the centaur warrior!
The centaur warrior looks as sick as possible!
The centaur warrior shoots an arrow.
The arrow hits you!!
Ouch! That really hurt!
A white imp comes into view.
The centaur warrior shoots an arrow.
The arrow hits you!
* * * LOW HITPOINT WARNING * * *
The white imp shouts, "Fly, thou peeagling fool-headed brigand!"
The white imp grinds its teeth.
The centaur warrior shoots an arrow.
The arrow hits you!
You die...

###.##.############.# ##########
.................##.####....รท....
.......>........)))..............
..............).5##.####.#######.
.................##.# #.#######.
.................##.# #.........
.................##.# #..#######
.................##.####..#######
................@................
.................##.####..#######
............)....##..............
..........)......#........######.
.................#........# #.
..........O......#........######.
.................#...............
..........c.................####.
.oo..............#.......##. #.


You could see a centaur warrior (extremely poisoned), a two-headed ogre
(poisoned) and a white imp.

Vanquished Creatures
  Prince Ribbit (D:5)
  4 water moccasins
  An acid dragon (D:8)
  An orc warrior (D:6)
  An ice beast (D:8)
  A wolf (D:8)
  A centaur (D:7)
  2 bullfrogs (D:7)
  2 gnoll sergeants (D:7)
  4 scorpions (D:5)
  9 killer bees
  5 howler monkeys
  4 hounds
  3 orc priests
  9 orc wizards
  2 sleepcaps
  3 iguanas
  10 gnolls
  6 adders
  An ufetubus (D:3)
  2 worms (D:3)
  3 dart slugs
  19 orcs
  A bat zombie (D:3)
  9 endoplasms
  A giant cockroach (D:2)
  2 goblins
  6 hobgoblins
  A quokka (D:1)
  8 ball pythons
  8 bats
  2 frilled lizards (D:2)
  6 kobolds
  7 rats
  2 rat zombies (D:3)
147 creatures vanquished.

Vanquished Creatures (others)
  19 foxfires
19 creatures vanquished.

Grand Total: 166 creatures vanquished

Notes
Turn   | Place    | Note
-------+----------+-------------------------------------------
     0 | D:1      | Jossarian the Spriggan Conjurer began the quest for the
                  | Orb.
     0 | D:1      | Reached XP level 1. HP: 9/9 MP: 5/5
   344 | D:1      | Reached XP level 2. HP: 13/13 MP: 3/6
   347 | D:1      | Learned a level 2 spell: Searing Ray
   956 | D:1      | Reached skill level 3 in Spellcasting
  1386 | D:2      | Reached XP level 3. HP: 16/16 MP: 5/8
  1599 | D:2      | Learned a level 2 spell: Poisonous Vapours
  2867 | D:3      | Reached XP level 4. HP: 18/21 MP: 5/10
  3533 | D:3      | Found an ancient bone altar of Kikubaaqudgha.
  3960 | D:3      | Reached XP level 5. HP: 24/24 MP: 3/11
  4315 | D:4      | Reached skill level 4 in Spellcasting
  4715 | D:4      | Reached skill level 5 in Spellcasting
  5037 | D:5      | Entered Level 5 of the Dungeon
  5045 | D:5      | Reached XP level 6. HP: 28/28 MP: 8/15
  5095 | D:5      | Learned a level 3 spell: Mephitic Cloud
  5304 | D:5      | Reached skill level 6 in Spellcasting
  5447 | D:5      | Reached skill level 1 in Air Magic
  5559 | D:5      | Reached XP level 7. HP: 32/32 MP: 12/17
  5636 | D:5      | Reached skill level 1 in Poison Magic
  6111 | D:5      | Noticed Prince Ribbit
  6131 | D:5      | Killed Prince Ribbit
  6132 | D:5      | Reached skill level 7 in Spellcasting
  6507 | D:5      | Found Toebox's Assorted Antiques.
  6837 | D:6      | Reached XP level 8. HP: 27/36 MP: 9/20
  7508 | D:6      | Reached skill level 5 in Conjurations
  8245 | D:7      | Reached skill level 8 in Spellcasting
  8390 | D:7      | Reached skill level 1 in Throwing
  8509 | D:7      | Reached skill level 9 in Spellcasting
  8644 | D:7      | Learned a level 1 spell: Foxfire
  8648 | D:7      | Learned a level 3 spell: Summon Guardian Golem
  8653 | D:7      | Learned a level 4 spell: Fulminant Prism
  8872 | D:7      | Reached XP level 9. HP: 39/39 MP: 17/23
  9036 | D:7      | Found a stormy altar of Qazlal.
  9384 | D:7      | Reached skill level 10 in Spellcasting
  9493 | D:7      | Found a staircase to the Ecumenical Temple.
  9514 | Temple   | Entered the Ecumenical Temple
  9554 | Temple   | Became a worshipper of Vehumet
 10555 | D:8      | Noticed a centaur warrior
 10692 | D:8      | Noticed a two-headed ogre
 11021 | D:8      | Reached skill level 5 in Poison Magic
 11142 | D:8      | HP: 1/39 [centaur warrior/arrow (16)]
 11144 | D:8      | Shot with an arrow by a centaur warrior

Illustrated notes

Levels and vault maps discovered:
D:1:      dpeg_arrival_concentric_ovals, layout_loops_ring, minmay_3d_cube
D:2:      layout_basic
D:3:      wad_crossroads, layout_rooms, lemuel_zombie_altar_kikubaaqudgha
D:4:      layout_basic, kennysheep_decorative_pillar
D:5:      layout_basic, serial_shops, kennysheep_mini_moat, uniq_prince_ribbit1
D:6:      layout_cave_pools, minmay_hedge_maze
D:7:      layout_loops_ring, nicolae_qazlal_scattered_showers,
          minmay_temple_entry_purple_smoke, serial_rivers,
          chequers_serial_rivers_micro_e, chequers_serial_rivers_large_a,
          chequers_serial_rivers_micro_b, chequers_serial_rivers_micro_a,
          chequers_serial_rivers_micro_e, chequers_serial_rivers_micro_a
D:8:      layout_basic, serial_ice, serial_ice_d, serial_ice_n, serial_ice_c,
          serial_ice_e
Temple:   compressed_dpeg_triangle_lava_temple

Skill      XL: |  1  2  3  4  5  6  7  8  9 |
---------------+----------------------------+-----
Conjurations   | 3 4 5 |  5.3
Spellcasting   | 3 5 6 7 9 10 | 10.6
Stealth        | 4 |  4.7
Dodging        | 3 |  3.4
Air Magic      | 1 2 3 4 |  4.6
Poison Magic   | 2 4 5 |  5.0
Throwing       | 1 |  1.4
Fighting       | |  0.2
Fire Magic     | |  0.1

Action                     |  1- 3 |  4- 6 |  7- 9 || total
---------------------------+-------+-------+-------++-------
  Melee: Staff             |       |       |     1 ||     1
  Throw: Dart              |       |     6 |     3 ||     9
   Cast: Magic Dart        |    73 |    57 |    19 ||   149
         Searing Ray       |    12 |    16 |    45 ||    73
         Poisonous Vapours |       |    14 |    85 ||    99
         Mephitic Cloud    |       |       |    20 ||    20
         Foxfire           |       |       |    13 ||    13
    Use: Scroll            |     4 |     3 |     5 ||    12
 Armour: Robe              |     4 |       |     3 ||     7
  Dodge: Dodged            |    21 |     9 |    38 ||    68

Table legend: (Time is in decaauts)
 A = Elapsed time spent in this place.
 B = Non-inter-level travel time spent in this place.
 C = Inter-level travel time spent in this place.
 D = Time resting spent in this place.
 E = Time spent auto-exploring this place.
 F = Levels seen in this place.
 G = Mean time per level.
                   A        B        C        D        E       F      G
               +--------+--------+--------+--------+--------+-----+--------+
         Total |   8708 |   5676 |   3032 |   4256 |      0 |   9 |  967.6 |
       Dungeon |   8675 |   5674 |   3001 |   4256 |      0 |   8 | 1084.4 |
        Temple |     33 |      3 |     30 |      0 |      0 |   1 |   33.0 |
               +--------+--------+--------+--------+--------+-----+--------+

Top non-repeatable levels by time:
     D:7: 1470 daAuts
     D:5: 1454 daAuts
     D:3: 1145 daAuts
     D:1: 1062 daAuts
     D:8: 976 daAuts
     D:2: 975 daAuts
     D:6: 905 daAuts
     D:4: 685 daAuts
  Temple: 33 daAuts
